 Dungeon Crawl Stone Soup version 0.18-b1-18-g7758cf2 (webtiles) character file.

4508 Zhenya25pyc the Basher (level 10, -16/64 HPs)
             Began as a Gargoyle Fighter on May 2, 2016.
             Was a Priest of Okawaru.
             Demolished by Gastronok (24 damage)
             ... on level 8 of the Dungeon.
             The game lasted 00:19:29 (8008 turns).

Zhenya25pyc the Basher (Gargoyle Fighter)           Turns: 8008, Time: 00:19:30

Health: -16/64     AC: 31    Str: 20    XL:     10   Next: 39%
Magic:  9/11       EV:  9    Int: 11    God:    Okawaru [***...]
Gold:   448        SH: 13    Dex: 15    Spells: 0 memorised, 9 levels left

rFire  . . .     SeeInvis .     y - +2 mace (protect)
rCold  . . .     Gourm    .     x - +0 plate armour
rNeg   + . .     Faith    .     c - +0 shield
rPois  ∞         Spirit   .     C - +0 helmet
rElec  +         Dismiss  .     z - +0 cloak
rCorr  .         Reflect  .     (no gloves)
SustAt .         Harm     .     (no boots)
MR     .....                    (no amulet)
Stlth  ..........               J - ring of Qulob {+Fly Dex+2 Stlth-}
                                a - +3 ring of dexterity

@: heroism, not resistant to hostile enchantments, extremely unstealthy
A: negative energy resistance 1, electricity resistance, unbreathing,
petrification resistance, rot immunity, AC +7
a: Heroism, Renounce Religion, Evoke Flight


You were on level 8 of the Dungeon.
You worshipped Okawaru.
Okawaru was most pleased with you.
You were hungry.

You visited 2 branches of the dungeon, and saw 9 of its levels.

You collected 448 gold pieces.

Inventory:

Hand Weapons
 y - a +2 mace of protection (weapon)
 M - a +0 flail of draining
Armour
 c - a +0 shield (worn)
 x - a +0 plate armour (worn)
 z - a +0 cloak (worn)
 C - a +0 helmet (worn)
 D - a +0 scale mail of cold resistance
Jewellery
 a - a +3 ring of dexterity (left hand)
 J - the ring of Qulob (right hand) {+Fly Dex+2 Stlth-}
   (You found it on level 6 of the Dungeon)

   [ring of loudness]

   It affects your dexterity (+2).
   It lets you fly.
   It makes you less stealthy.
Wands
 G - a wand of disintegration (12/24)
 H - a wand of disintegration (11/24)
Scrolls
 b - a scroll of enchant armour {unknown}
 h - 3 scrolls of remove curse
 i - 3 scrolls of magic mapping {unknown}
 n - a scroll of enchant weapon {unknown}
 p - 3 scrolls of immolation {unknown}
 q - 2 scrolls of fog
 s - 9 scrolls of identify {unknown}
 u - 2 scrolls of noise {unknown}
 v - 5 scrolls of teleportation
 F - 3 scrolls of random uselessness {unknown}
 I - a scroll of vulnerability {unknown}
 K - a scroll of amnesia
Potions
 d - 2 potions of might
 e - 2 potions of flight {unknown}
 g - a potion of magic {unknown}
 l - 2 potions of agility {unknown}
 m - a potion of cure mutation {unknown}
 o - 2 potions of haste {unknown}
 r - 2 potions of curing {unknown}
 w - 2 potions of ambrosia {unknown}
 A - a potion of cancellation {unknown}
 B - a potion of degeneration {unknown}
 E - 2 potions of heal wounds {unknown}
 L - a potion of experience {unknown}
 N - a potion of invisibility {unknown}
Comestibles
 f - 5 bread rations
 j - 6 fruits
 k - 5 meat rations
 t - 2 royal jellies


   Skills:
 + Level 7.6(12.6) Fighting
 * Level 9.7(14.7) Maces & Flails
 + Level 7.9(12.9) Armour
 + Level 8.0(13.0) Shields
 + Level 2.0 Invocations


You had 9 spell levels left.
You didn't know any spells.

Dungeon Overview and Level Annotations

Branches:
Dungeon (8/15)             Temple (1/1) D:5
   Lair: D:8-11

Altars:
Ashenzari
Cheibriados
Dithmenos
Elyvilon
Fedhas
Gozag
Kikubaaqudgha
Nemelex Xobeh
Okawaru
Pakellas
Qazlal
Ru
Sif Muna
Trog
Xom
Zin
The Shining One

Shops:
D:4 (   D:7 %

Annotations:
D:8 Gastronok


Innate Abilities, Weirdness & Mutations

You are resistant to torment.
Your stone body is resilient (AC +7).
You are immune to poison.
You resist negative energy.
You are resistant to electric shocks.
You can survive without breathing.
You are immune to petrification.
You are immune to rotting.


Message History

You hit Gastronok.
Gastronok is heavily wounded.
The adder zombie bites you but does no damage.
You hit Gastronok.
Gastronok is heavily wounded.
The adder zombie bites you but does no damage.
Gastronok looks at you and mumbles some strange words.
You barely resist. You hit Gastronok.
Gastronok is heavily wounded.
You block the adder zombie's attack.
You hit Gastronok.
Gastronok is heavily wounded.
Gastronok is no longer moving somewhat quickly.
You block the adder zombie's attack.
You hit Gastronok.
Gastronok is heavily wounded.
Gastronok sloshes about.
Gastronok bites you!!
You die...

##...................#.#.##
#......######.....#.## #
##.....# #....>#.# #.....#
#.....#.# ###.### #.....#..
#.# ##.....### ####.#
##....#### .....#
##........# ..####
#.!....@#.# ..#
#......wZ...... ###
#..............
........##.#.##. ...#....>
.# .. .#.#..... .# #. #.###
# #.


You could see Gastronok and an adder zombie.

Vanquished Creatures
  The ghost of Shenda the Skirmisher, an amateur HOFi (D:7)
  A troll (D:8)
  A two-headed ogre (D:8)
  Sigmund (D:4)
  5 yaks (D:8)
  3 hippogriffs
  The ghost of Zhenya25pyc the Covered, an amateur GrFi (D:4)
  Duvessa (D:7)
  A water moccasin (D:7)
  3 ice beasts
  4 ogres
  An orc warrior (D:6)
  3 phantoms
  2 giant frogs (D:6)
  Dowan (D:7)
  A water moccasin zombie (D:5)
  2 scorpions
  A howler monkey (D:8)
  A crimson imp (D:5)
  A quasit (D:7)
  A jelly (D:5)
  An orc priest (D:4)
  2 giant frog skeletons
  6 hounds
  An orc wizard (D:3)
  Terence (D:2)
  6 worker ants
  3 iguanas
  2 hound skeletons
  Robin (D:3)
  2 howler monkey zombies
  4 gnolls (D:4)
  8 adders
  A shadow imp (D:7)
  An ooze (D:1)
  An adder skeleton (D:4)
  A worm (D:2)
  12 dart slugs
  4 giant geckos
  16 orcs
  4 ball pythons
  5 giant cockroaches
  20 goblins
  11 hobgoblins
  4 quokkas
  4 bats
  A giant gecko zombie (D:8)
  4 giant newts
  A jackal zombie (D:5)
  4 kobolds
  A quokka skeleton (D:4)
  9 rats
177 creatures vanquished.

Vanquished Creatures (others)
  An orc (D:7)
1 creature vanquished.

Grand Total: 178 creatures vanquished

Notes
Turn   | Place    | Note
--------------------------------------------------------------
     0 | D:1      | Zhenya25pyc the Gargoyle Fighter began the quest for the Orb.
     0 | D:1      | Reached XP level 1. HP: 14/14 MP: 1/1
    37 | D:1      | Reached XP level 2. HP: 14/19 MP: 2/2
   365 | D:1      | Reached XP level 3. HP: 21/23 MP: 3/3
   891 | D:2      | Reached skill level 3 in Maces & Flails
  1107 | D:2      | Noticed Terence
  1126 | D:2      | Killed Terence
  1126 | D:2      | Reached XP level 4. HP: 17/29 MP: 4/4
  1266 | D:2      | Found a blossoming altar of Fedhas.
  1626 | D:3      | Reached XP level 5. HP: 19/33 MP: 5/5
  1885 | D:3      | Noticed Robin
  1910 | D:3      | Killed Robin
  1910 | D:3      | Reached skill level 4 in Maces & Flails
  2441 | D:3      | Found an oddly glowing altar of Pakellas.
  2572 | D:4      | Reached XP level 6. HP: 24/38 MP: 6/6
  2640 | D:4      | Noticed a phantom
  2664 | D:4      | Found Jun Wepa's Antique Weapon Emporium.
  2679 | D:4      | Killed a phantom
  2830 | D:4      | Noticed Sigmund
  2849 | D:4      | Killed Sigmund
  2849 | D:4      | Reached skill level 5 in Maces & Flails
  2849 | D:4      | Reached skill level 5 in Armour
  2849 | D:4      | Reached XP level 7. HP: 41/44 MP: 7/7
  3001 | D:4      | Noticed Zhenya25pyc's ghost (amateur GrFi)
  3019 | D:4      | Killed Zhenya25pyc's ghost
  3019 | D:4      | Reached skill level 5 in Shields
  3039 | D:4      | Reached skill level 5 in Fighting
  3297 | D:4      | Reached skill level 6 in Maces & Flails
  3297 | D:4      | Reached XP level 8. HP: 33/49 MP: 8/8
  3422 | D:4      | Found a stormy altar of Qazlal.
  3593 | D:5      | Entered Level 5 of the Dungeon
  3594 | D:5      | Upgraded the game from 0.18-b1-16-g289874d to 0.18-b1-18-g7758cf2
  3628 | D:5      | Found a staircase to the Ecumenical Temple.
  3728 | Temple   | Entered the Ecumenical Temple
  3752 | Temple   | Became a worshipper of Warmaster Okawaru
  4861 | D:6      | Reached * piety under Okawaru
  4861 | D:6      | Reached skill level 7 in Maces & Flails
  4961 | D:6      | Got a brightly glowing platinum ring
  4972 | D:6      | Identified the ring of Qulob {+Fly Dex+2 Stlth-} (You found it on level 6 of the Dungeon)
  5166 | D:6      | Reached XP level 9. HP: 50/55 MP: 9/9
  5582 | D:7      | Noticed Shenda's ghost (amateur HOFi)
  5894 | D:7      | Killed Shenda's ghost
  6080 | D:7      | Reached skill level 8 in Maces & Flails
  6214 | D:7      | Found Emimoc's Food Boutique.
  6242 | D:7      | Reached ** piety under Okawaru
  6791 | D:7      | Found a sparkling altar of Nemelex Xobeh.
  6989 | D:7      | Found a white marble altar of Elyvilon.
  7031 | D:7      | Noticed Dowan
  7032 | D:7      | Noticed Duvessa
  7042 | D:7      | Killed Duvessa
  7050 | D:7      | Killed Dowan
  7050 | D:7      | Reached skill level 9 in Maces & Flails
  7404 | D:8      | Noticed a two-headed ogre
  7410 | D:8      | Killed a two-headed ogre
  7410 | D:8      | Reached XP level 10. HP: 52/63 MP: 10/10
  7570 | D:8      | Reached *** piety under Okawaru
  7570 | D:8      | Reached skill level 1 in Invocations
  7983 | D:8      | Noticed Gastronok
  8008 | D:8      | Demolished by Gastronok

Skill      XL: |  1  2  3  4  5  6  7  8  9 10 |
---------------+-------------------------------+-----
Maces & Flails | 3 4 5 6 7 9 |  9.7
Armour         | 4 5 6 7 |  7.9
Shields        | 4 5 6 7 8 |  8.0
Fighting       | 4 5 6 7 |  7.6
Invocations    | 2 |  2.0

Action                   |  1- 3 |  4- 6 |  7- 9 | 10-12 || total
-------------------------+-------+-------+-------+-------++-------
Melee: Flail             |   125 |       |       |       ||   125
       Mace              |       |   176 |   549 |   157 ||   882
Invok: Heroism           |       |       |       |     1 ||     1
  Use: Scroll            |       |       |     4 |       ||     4
  Eat: Chunk             |       |     7 |    14 |     3 ||    24
Armor: Scale mail        |    58 |   105 |    88 |       ||   251
       Plate armour      |       |    51 |   297 |    87 ||   435
Dodge: Dodged            |    33 |    53 |   112 |    24 ||   222
Block: Shield            |    50 |   124 |   346 |    84 ||   604
